 Dungeon Crawl Stone Soup version 0.31-a0-355-g57cb03d3e8 (webtiles) character file.

Game seed: 1411486475587720931

5834 bmack86 the Severer (level 10, 0/81 HPs)
             Began as a Minotaur Fighter on July 25, 2023.
             Was an Initiate of Gozag.
             Slain by a two-headed ogre
             ... wielding a +0 giant club
              (3 damage)
             ... on level 9 of the Dungeon.
             The game lasted 00:19:16 (8475 turns).

bmack86 the Severer (Minotaur Fighter)              Turns: 8475, Time: 00:19:17

Health: 0/81       AC: 20    Str: 26    XL:     10   Next: 51%
Magic:  9/9        EV:  6    Int:  5    God:    Gozag
Gold:   1579       SH:  0    Dex:  9    Spells: 9/9 levels left

rFire   . . .        a - +1 war axe
rCold   . . .        c - +0 buckler
rNeg    . . .        g - +1 plate armour
rPois   .            (helmet restricted)
rElec   .            (no cloak)
rCorr   .            u - +2 pair of gloves
SInv    .            (no boots)
Will    .....        (no amulet) Stlth
                     h - +4 ring of protection
HPRegen 0.33/turn    t - ring of flight
MPRegen 0.11/turn

%: no passive effects
@: confused, flying, studying Maces & Flails
A: horns 2, retaliatory headbutt
a: Renounce Religion, Potion Petition, Call Merchant, Bribe Branch


You were on level 9 of the Dungeon.
You worshipped Gozag.
Gozag was most pleased with you.
You visited 2 branches of the dungeon, and saw 10 of its levels.
You also visited: Ossuary.

You collected 1799 gold pieces.
You spent 180 gold pieces at shops.
You paid 40 gold pieces to Gozag.

Inventory:

Hand Weapons
 a - a +1 war axe (weapon)
Missiles
 o - 4 boomerangs (quivered)
Armour
 b - a +0 scale mail
 c - a +0 buckler (worn)
 g - a +1 plate armour (worn)
 u - a +2 pair of gloves (worn)
Jewellery
 h - a +4 ring of protection (left hand)
 j - a ring of magical power
 r - a ring of wizardry
 t - a ring of flight (right hand)
Wands
 l - a wand of digging (3)
 D - a wand of mindburst (15)
Scrolls
 i - a scroll of identify
 k - a scroll of fog
 p - a scroll of blinking
 v - a scroll of noise
 y - 2 scrolls of teleportation
 A - a scroll of fear
 C - a scroll of revelation
Potions
 d - 2 potions of might
 e - a potion of attraction
 f - 4 potions of haste
 m - a potion of brilliance
 n - a potion of ambrosia
 q - 3 potions of curing
 s - 5 potions of mutation
 w - a potion of lignification
 x - 5 potions of enlightenment
 z - a potion of heal wounds
 B - a potion of invisibility
 E - a potion of cancellation {unknown}


   Skills:
 * Level 5.0 Fighting
 - Level 18.0 Axes
 + Level 4.4 Armour
 - Level 3.6 Shields


You had 9 spell levels left.
You didn't know any spells.
Your spell library contained the following spells:

 Spells                   Type           Power      Damage    Failure   Level
 Call Canine Familiar     Summ           0%         N/A       100%        3
 Portal Projectile        Hex/Tloc       0%         N/A       100%        3
 Leda's Liquefaction      Hex/Erth       0%         N/A       100%        4


Dungeon Overview and Level Annotations

Branches:
Dungeon (9/15)             Temple (1/1) D:4            Lair (0/5) D:8
Ossuary (visited)
    Orc: D:9-12

Altars:
Ashenzari
Cheibriados
Dithmenos
Elyvilon
Fedhas
Gozag
Hepliaklqana
Kikubaaqudgha
Makhleb
Nemelex Xobeh
Okawaru
Ru
Sif Muna
Trog
Uskayaw
Vehumet
Wu Jian
Xom
Yredelemnul
Zin
The Shining One


Innate Abilities, Weirdness & Mutations

You have a pair of horns on your head.
You reflexively headbutt those who attack you in melee.


Message History

A yak comes into view.
An orc wizard comes into view. It is wielding a +0 dagger.
You hit the two-headed ogre but do no damage.
You headbutt the two-headed ogre!
The two-headed ogre is moderately wounded.
You slash the two-headed ogre!
The two-headed ogre is moderately wounded.
An orc wizard comes into view. It is wielding a +0 dagger.
A yak comes into view.
The two-headed ogre hits you with a +0 giant club.
The two-headed ogre hits you with a +0 giant club!!
The orc wizard shouts!
The yak bellows!
You hit the two-headed ogre.
The two-headed ogre is moderately wounded.
A yak comes into view.
The yak bellows!
You slice the two-headed ogre!!
The two-headed ogre is almost dead.
The two-headed ogre barely misses you.
The two-headed ogre hits you with a +0 giant club!
The orc wizard points at you and mumbles some strange words.
You are confused.
The two-headed ogre hits you with a +0 giant club!
The two-headed ogre hits you but does no damage.
The orc wizard gestures at you while chanting.
You are more confused.
An orc priest comes into view. It is wielding a +0 hand axe.
The orc wizard points at you and mumbles some strange words.
The puff of flame hits you!
* * * LOW HITPOINT WARNING * * *
You bump into the rock wall.
The yak gores you but does no damage.
The orc priest mumbles some strange prayers to Beogh against you.
Beogh smites you!
* * * LOW HITPOINT WARNING * * *
You bump into the rock wall.
The two-headed ogre hits you with a +0 giant club!
* * * LOW HITPOINT WARNING * * *
The two-headed ogre hits you with a +0 giant club.
You die...
Your body crumbles into a pile of gold.

...# ....#....... $ #
###.#### ...#.......
#.#......# #.##.......
##.##.#.##.#.###.#..##....
$
#.......##.#....>..###....
#..####.##.######### #....
#......# #....
#..##.#.####### #....
......o.O@....# .####
.......YY####.# ###.o..Y.#
.......Y.# ####.....#
.o.....# ..#.##..# #...
...#


You could see a two-headed ogre, 4 yaks, an orc priest and 2 orc wizards.

Vanquished Creatures
  A two-headed ogre (D:7)
  A rime drake (D:8)
  Sigmund (D:6)
  Eustachio (D:4)
  A wyvern (D:8)
  A steam dragon (D:9)
  Edmund (D:4)
  An acid dragon (D:8)
  Duvessa (D:7)
  5 ice beasts
  2 sky beasts
  4 centaurs
  2 wolves (D:8)
  3 ogres
  A phantom (D:7)
  2 kobold brigands
  2 elf zombies (Ossuary)
  3 scorpions (D:6)
  Dowan (D:7)
  8 wights (D:7)
  5 killer bees
  5 howler monkeys
  3 jellies (D:6)
  7 hounds
  7 orc priests
  Jessica (D:2)
  2 sleepcaps
  7 iguanas
  7 orc wizards
  2 mummies (Ossuary)
  Robin (D:2)
  10 adders
  A shadow imp (D:6)
  3 white imps
  5 adder zombies (Ossuary)
  A worm (D:3)
  4 dart slugs
  24 orcs
  11 bats
  10 endoplasms
  2 giant cockroaches
  13 goblins
  12 hobgoblins
  11 jackals
  13 kobolds
  4 quokkas
  9 ball pythons
  3 frilled lizards
  A goblin zombie (Ossuary)
  7 hobgoblin zombies (Ossuary)
  A jackal zombie (Ossuary)
  9 kobold zombies (Ossuary)
  10 orc zombies (Ossuary)
  6 rats
  2 rat zombies (Ossuary)
261 creatures vanquished.

Notes
Turn   | Place    | Note
-------+----------+-------------------------------------------
     0 | D:1      | bmack86 the Minotaur Fighter began the quest for the Orb.
     0 | D:1      | Reached XP level 1. HP: 19/19 MP: 0/0
    56 | D:1      | Reached skill level 3 in Axes
    67 | D:1      | Reached XP level 2. HP: 26/26 MP: 1/1
   207 | D:1      | Reached skill level 4 in Axes
   497 | D:1      | Reached XP level 3. HP: 31/31 MP: 2/2
   812 | D:2      | Noticed Robin
   835 | D:2      | Killed Robin
   836 | D:2      | Reached skill level 5 in Axes
   912 | D:2      | Reached XP level 4. HP: 33/39 MP: 3/3
  1044 | D:2      | Noticed Jessica
  1057 | D:2      | Killed Jessica
  1058 | D:2      | Reached skill level 6 in Axes
  1518 | D:3      | Reached XP level 5. HP: 44/45 MP: 4/4
  1979 | D:3      | Reached skill level 7 in Axes
  2171 | D:3      | Found a sparkling altar of Nemelex Xobeh.
  2172 | D:3      | Found an opulent altar of Gozag.
  2180 | D:3      | Became a worshipper of Gozag Ym Sagoz the Greedy
  2400 | D:4      | Noticed Edmund
  2406 | D:4      | Killed Edmund
  2407 | D:4      | Reached skill level 8 in Axes
  2407 | D:4      | Reached XP level 6. HP: 25/51 MP: 5/5
  2581 | D:4      | Found a staircase to the Ecumenical Temple.
  2609 | Temple   | Entered the Ecumenical Temple
  3096 | D:4      | Noticed Eustachio
  3102 | D:4      | Reached skill level 9 in Axes
  3109 | D:4      | Killed Eustachio
  3110 | D:4      | Reached XP level 7. HP: 57/57 MP: 6/6
  3265 | D:5      | Entered Level 5 of the Dungeon
  3327 | D:5      | Reached skill level 10 in Axes
  4143 | D:6      | Reached skill level 11 in Axes
  4155 | D:6      | Reached XP level 8. HP: 64/64 MP: 7/7
  4168 | D:6      | Noticed Sigmund
  4177 | D:6      | Killed Sigmund
  4178 | D:6      | Reached skill level 12 in Axes
  4389 | D:6      | Found a blossoming altar of Fedhas.
  4390 | D:6      | Found an ancient bone altar of Kikubaaqudgha.
  4392 | D:6      | Found a hazy altar of Hepliaklqana.
  4396 | D:6      | Found a bloodstained altar of Trog.
  4397 | D:6      | Found a glowing golden altar of the Shining One.
  4482 | D:6      | Found a burning altar of Makhleb.
  4492 | D:6      | Reached skill level 13 in Axes
  4506 | D:6      | Found a sand-covered staircase.
  4516 | Ossuary  | Entered an ossuary
  4882 | D:6      | Reached skill level 14 in Axes
  4882 | D:6      | Reached XP level 9. HP: 58/70 MP: 8/8
  5139 | D:6      | Found Zin's Purification Station.
  5139 | D:6      | Found a glowing silver altar of Zin.
  5145 | D:6      | Bought 2 potions of curing for 180 gold pieces
  5762 | D:7      | Reached skill level 15 in Axes
  6405 | D:7      | Noticed a two-headed ogre
  6416 | D:7      | Killed a two-headed ogre
  6417 | D:7      | Reached skill level 16 in Axes
  6618 | D:7      | Noticed Dowan
  6619 | D:7      | Noticed Duvessa
  6627 | D:7      | Killed Dowan
  6638 | D:7      | Killed Duvessa
  6744 | D:7      | Reached XP level 10. HP: 71/77 MP: 9/9
  6820 | D:7      | Found a shimmering altar of Xom.
  6910 | D:7      | Reached skill level 17 in Axes
  7262 | D:8      | Found a staircase to the Lair.
  7660 | D:8      | Identified the +5 scale mail of Exclusion {Int+2 Dex+4}
  7951 | D:8      | Reached skill level 18 in Axes
  8448 | D:9      | Reached skill level 5 in Fighting
  8464 | D:9      | Noticed a two-headed ogre
  8475 | D:9      | HP: 3/81 [two-headed ogre/+0 giant club (9)]
  8475 | D:9      | Slain by a two-headed ogre

Illustrated notes

Levels and vault maps discovered:
D:1:      erik_arrival_cave_to_civilisation [erik_arrival_cave_to_hall],
          layout_basic, st_stairs_3, nicolae_the_louvre
D:2:      layout_rooms, grunt_decor_arrowhead, uniq_jessica, uniq_robin
D:3:      minmay_general_purpose_star, layout_loops_ring,
          grunt_temple_overflow_opulence
D:4:      layout_gridville, minmay_temple_entry_glassed_door, uniq_eustachio,
          uniq_edmund
D:5:      layout_gridville
D:6:      minmay_spotlight, layout_basic, mainiacjoe_overflow_six_doors_small,
          minitemple, zin_purify, nicolae_ossuary_entry_ruins,
          kennysheep_generic_room_3, uniq_sigmund
D:7:      layout_loops_ring, lemuel_coloured_pillars_altar,
          minmay_quadrilaterals, uniq_duvessa
D:8:      layout_loops_corners, hellmonk_lair_entry_icy
D:9:      layout_basic, marbit_many_paths
Temple:   minmay_freezing_vapour_temple

Skill      XL: |  1  2  3  4  5  6  7  8  9 10 |
---------------+-------------------------------+-----
Axes           | 3 4 5 6 8 9 11 14 16 18 | 18.0
Fighting       | 5 |  5.0
Armour         | 4 |  4.4
Shields        | |  3.6

Action                     |  1- 3 |  4- 6 |  7- 9 | 10-12 || total
---------------------------+-------+-------+-------+-------++-------
  Melee: War axe           |    96 |   134 |   313 |    94 ||   637
         Headbutt          |    12 |    24 |    55 |    17 ||   108
    Use: Scroll            |       |    11 |     7 |     6 ||    24
   Stab: Distracted        |       |     1 |     1 |       ||     2
 Armour: Scale mail        |    24 |       |       |       ||    24
         Plate armour      |    42 |    83 |   186 |    75 ||   386
  Dodge: Dodged            |    40 |    34 |    58 |    43 ||   175
  Block: Buckler           |    26 |    27 |    49 |    21 ||   123

Table legend: (Time is in decaauts)
 A = Elapsed time spent in this place.
 B = Non-inter-level travel time spent in this place.
 C = Inter-level travel time spent in this place.
 D = Time resting spent in this place.
 E = Time spent auto-exploring this place.
 F = Levels seen in this place.
 G = Mean time per level.
                   A        B        C        D        E       F      G
               +--------+--------+--------+--------+--------+-----+--------+
         Total |   8455 |   8284 |    171 |    360 |   5308 |  11 |  768.6 |
       Dungeon |   8132 |   7961 |    171 |    336 |   5308 |   9 |  903.6 |
        Temple |      1 |      1 |      0 |      0 |      0 |   1 |    1.0 |
       Ossuary |    321 |    321 |      0 |     24 |      0 |   1 |  321.0 |
               +--------+--------+--------+--------+--------+-----+--------+

Top non-repeatable levels by time:
     D:7: 1492 daAuts
     D:6: 1201 daAuts
     D:8: 980 daAuts
     D:3: 951 daAuts
     D:4: 939 daAuts
     D:5: 846 daAuts
     D:1: 814 daAuts
     D:2: 608 daAuts
 Ossuary: 321 daAuts
     D:9: 295 daAuts
  Temple: 1 daAuts
